 Dungeon Crawl Stone Soup version 0.17.1-2-g5865329 (webtiles) character file.

240 Mysteryquy the Ruffian (level 5, -1/42 HPs)
             Began as a Draconian Transmuter on Feb 9, 2016.
             Killed by divine providence
             ... invoked by an orc priest
              (9 damage)
             ... on level 4 of the Dungeon.
             The game lasted 00:09:57 (3571 turns).

Mysteryquy the Ruffian (Draconian Transmuter)       Turns: 3571, Time: 00:09:57

Health: -1/42      AC:  6    Str: 13    XL:     5   Next: 79%
Magic:  8/8        EV:  8    Int: 14    God:
Gold:   211        SH:  0    Dex: 11    Spells: 1 memorised, 7 levels left

rFire  . . .     SeeInvis .       - Unarmed
rCold  . . .     Clarity  .     (armour unavailable)
rNeg   . . .     SustAt   .     (no shield)
rPois  .         Gourm    .     (helmet restricted)
rElec  .         Spirit   .     (no cloak)
rCorr  .         Warding  .     l - +0 pair of gloves
rMut   .         Stasis   .     (no boots)
MR     .....                    (no amulet)
Stlth  +.........               (no ring)
                                (no ring)

@: not resistant to hostile enchantments, very unstealthy
A: unfitting armour, cold-blooded, AC +5
a: no special abilities


You were on level 4 of the Dungeon.
You were not hungry.

You visited 1 branch of the dungeon, and saw 4 of its levels.

You collected 211 gold pieces.

Inventory:

Missiles
 a - 70 arrows
 m - 15 arrows of frost
Armour
 l - a +0 pair of gloves (worn)
Jewellery
 p - an uncursed ring of poison resistance {unknown}
Scrolls
 e - 2 scrolls of remove curse {unknown}
 g - 3 scrolls of enchant weapon {unknown}
 h - 4 scrolls of identify {unknown}
 i - 2 scrolls of magic mapping {unknown}
 o - a scroll of amnesia {unknown}
 q - a scroll of noise {unknown}
Potions
 d - 2 potions of mutation {unknown}
 f - a potion of heal wounds {unknown}
 j - 2 potions of brilliance {unknown}
 k - 3 potions of curing
 n - a potion of lignification {unknown}
 r - a potion of cure mutation {unknown}
Books
 b - a book of Changes

   Spells                             Type                      Level
   a - Beastly Appendage              Transmutation                1
   b - Sticks to Snakes               Transmutation                2
   c - Spider Form                    Transmutation/Poison         3
   d - Ice Form                       Ice/Transmutation            4
   e - Blade Hands                    Transmutation                5
Comestibles
 c - 3 bread rations
 s - 2 fruits


   Skills:
 + Level 2.7 Fighting
 + Level 4.1 Dodging
 + Level 4.3 Unarmed Combat
 + Level 2.0 Spellcasting
 + Level 2.1 Transmutations


You had 7 spell levels left.
You knew the following spells:

 Your Spells              Type           Power        Failure   Level  Hunger
a - Beastly Appendage     Trmt           #.....       12%         1    ##.....


Dungeon Overview and Level Annotations

Branches:
Dungeon (4/15)
 Temple: D:4-7

Altars:
Dithmenos
Kikubaaqudgha

Shops:
D:4 }


Innate Abilities, Weirdness & Mutations

Your plain brown scales are hard (AC +5).
Your body does not fit into most forms of armour.
You are cold-blooded and may be slowed by cold attacks.


Message History

The orc wizard closely misses you.
The orc wizard points at you and mumbles some strange words.
The magic dart hits you!
The orc wizard casts a spell.
The orc wizard seems to speed up.
The orc priest hits you but does no damage.
The orc priest closely misses you.
You feel yourself speed up. The orc wizard hits you with a dagger.
The orc priest miscasts a cantrip.
The orc wizard casts a spell at you. The magic dart hits you!
* * * LOW HITPOINT WARNING * * *
The orc priest casts a cantrip, but nothing happens.
The orc wizard gestures wildly while chanting.
The orc wizard blinks!
There is a stone staircase leading up here.
The orc priest calls down the wrath of Beogh upon you.
Something smites you!
You die...

# #### ...#### #####
......### #...#
....#...###.#.###
###.##...#..._..#
............#o#.##
.............o..@###
........#...####...#
......(.#....# #...#
.#..#...#.∩#.# #.###
........####o###.#
.#...#.#####.....#
.........##..#####
..###....##.[# #.#
###......#


You could see an orc priest and an orc wizard.

Vanquished Creatures
  A crimson imp (D:3)
  A giant frog skeleton (D:4)
  An orc priest (D:4)
  A worker ant (D:3)
  A hound skeleton (D:4)
  Robin (D:3)
  An adder (D:2)
  2 worms
  A giant gecko (D:3)
  3 orcs
  14 bats
  3 giant cockroaches
  15 goblins
  12 hobgoblins
  3 jackals (D:1)
  A quokka (D:2)
  3 giant newts
  8 kobolds
  10 rats
82 creatures vanquished.

Notes
Turn   | Place    | Note
--------------------------------------------------------------
     0 | D:1      | Mysteryquy the Draconian Transmuter began the quest for the Orb.
     0 | D:1      | Reached XP level 1. HP: 16/16 MP: 3/3
   127 | D:1      | Reached XP level 2. HP: 17/23 MP: 5/5
   783 | D:2      | Reached XP level 3. HP: 23/28 MP: 6/6
  1923 | D:3      | Noticed Robin
  1963 | D:3      | Reached XP level 4. HP: 32/36 MP: 7/7
  1982 | D:3      | Killed Robin
  2057 | D:3      | Reached skill level 4 in Unarmed Combat
  2295 | D:3      | Found a faded altar to an unknown god.
  2440 | D:3      | Found a shadowy altar of Dithmenos.
  2718 | D:4      | Reached XP level 5. HP: 36/41 MP: 8/8
  3480 | D:4      | Found an ancient bone altar of Kikubaaqudgha.
  3481 | D:4      | Found Foupucw's Gadget Boutique.
  3571 | D:4      | Killed from afar by an orc priest

Action                   |  1- 3 |  4- 6 || total
-------------------------+-------+-------++-------
Melee: Unarmed           |   249 |   168 ||   417
 Cast: Beastly Appendage |       |     2 ||     2
  Eat: Chunk             |     3 |     4 ||     7
       Fruit             |       |     2 ||     2
